 Dungeon Crawl Stone Soup version 0.30-a0-711-gf4ac18a38d (webtiles) character file.

Game seed: 15002499083928994447

4 voltaire321 the Stinger (level 1, 0/13 HPs)
             Began as a Merfolk Venom Mage on Jan 22, 2023.
             Slain by a hobgoblin (3 damage)
             ... on level 1 of the Dungeon.
             The game lasted 00:00:45 (95 turns).

voltaire321 the Stinger (Merfolk Venom Mage)          Turns: 95, Time: 00:00:46

Health: 0/13       AC:  2    Str:  8    XL:     1   Next: 60%
Magic:  0/3        EV: 12    Int: 14    God:
Gold:   10         SH:  0    Dex: 14    Spells: 3/4 levels left

rFire   . . .      SeeInvis .    (no weapon)
rCold   . . .      Faith    .    (no shield)
rNeg    . . .      Spirit   .    a - +0 robe
rPois   .          Reflect  .    (no helmet)
rElec   .          Harm     .    (no cloak)
rCorr   .          Rampage  .    (no gloves)
Will    .....                    (no boots)
Stlth   ++                       (no amulet)
HPRegen 0.22/turn                (no ring)
MPRegen 0.08/turn                (no ring)

@: no status effects
A: (nimble swimmer 2), mertail
a: no special abilities


You were on level 1 of the Dungeon.
You visited 1 branch of the dungeon, and saw 1 of its levels.

You collected 10 gold pieces.

Inventory:

Armour
 a - a +0 robe (worn)
Scrolls
 d - a scroll of fear {unknown}
 e - a scroll of blinking {unknown}
 f - 2 scrolls of identify {unknown}
 g - a scroll of immolation {unknown}
Potions
 b - a potion of magic
 c - a potion of lignification {unknown}


   Skills:
 + Level 0.2 Fighting
 + Level 2.8 Dodging
 - Level 2.1 Stealth
 + Level 2.0 Spellcasting
 + Level 1.5 Transmutations
 + Level 3.3 Poison Magic


You had 3 spell levels left.
You knew the following spells:

 Your Spells              Type           Power      Damage    Failure   Level
a - Sting                 Tmut/Pois      32%        1d4       9%          1

Your spell library contained the following spells:

 Spells                   Type           Power      Damage    Failure   Level
 Poisonous Vapours        Pois/Air       12%        N/A       19%         2
 Mephitic Cloud           Conj/Pois/Air  4%         N/A       41%         3
 Olgreb's Toxic Radiance  Pois           10%        N/A       52%         4


Dungeon Overview and Level Annotations

Branches:
Dungeon (1/15)

Altars:


Innate Abilities, Weirdness & Mutations

((You are very nimble when in or above water. (Stealth+, EV+, Speed+++)))
Your lower body shifts to a powerful aquatic tail in water.


Message History

The hobgoblin misses you.
Your magical contamination has completely faded away.
You hit the hobgoblin but do no damage.
The hobgoblin is almost dead.
The hobgoblin closely misses you.
You hit the hobgoblin.
You kill the hobgoblin!
You closely miss the quokka. The quokka bites you.
You miss the quokka. The quokka misses you. The quokka bites you.
You closely miss the quokka. The quokka barely misses you.
You closely miss the quokka. The quokka closely misses you.
Aiming: Sting (safe; 9% risk of failure)
Press: ? - help, Q - select action Shift-Dir - straight line, f - quokka
Aim: a quokka (56% to hit)
The sting hits the quokka.
The quokka is poisoned.
The quokka is heavily wounded.
The quokka barely misses you.
You closely miss the quokka.
The quokka is almost dead.
You kill the quokka!
You hit the hobgoblin.
The hobgoblin is lightly wounded.
The hobgoblin misses you.
You hit the hobgoblin.
The hobgoblin is heavily wounded.
The hobgoblin hits you but does no damage.
You hit the hobgoblin but do no damage.
The hobgoblin is heavily wounded.
The hobgoblin misses you.
You closely miss the hobgoblin.
The hobgoblin is moderately wounded.
The hobgoblin hits you.
You hit the hobgoblin.
The hobgoblin is heavily wounded.
The hobgoblin hits you.
* * * LOW HITPOINT WARNING * * *
You closely miss the hobgoblin.
The hobgoblin is heavily wounded.
The hobgoblin hits you.
You die...

#...........
#.....>.... #.........
#........ #....... ♣♣
#......# ♣♣♣.# #!.....#
♣...# ######g# ♣...#
#@# ♣...# #.# ♣♣...##
#.# ♣.....## #.#
♣♣......## #.#
♣.8..8..8### #.#
♣♣........'.# #.#
♣..<......'.## #.#
♣♣........'..###.######


You could see a hobgoblin.

Vanquished Creatures
  A bat (D:1)
  A hobgoblin (D:1)
  A quokka (D:1)
3 creatures vanquished.

Notes
Turn   | Place    | Note
-------+----------+-------------------------------------------
     0 | D:1      | voltaire321 the Merfolk Venom Mage began the quest for the
                  | Orb.
     0 | D:1      | Reached XP level 1. HP: 13/13 MP: 3/3
    95 | D:1      | Slain by a hobgoblin

Illustrated notes

Levels and vault maps discovered:
D:1:      kennysheep_arrival_forest, layout_basic, dreamdust_mushroom_princess

Action                     || total
---------------------------++-------
  Melee: Unarmed           ||    15
         Punch             ||     1
   Cast: Sting             ||     5
 Armour: Robe              ||     1
  Dodge: Dodged            ||    12

Table legend: (Time is in decaauts)
 A = Elapsed time spent in this place.
 B = Non-inter-level travel time spent in this place.
 C = Inter-level travel time spent in this place.
 D = Time resting spent in this place.
 E = Time spent auto-exploring this place.
 F = Levels seen in this place.
 G = Mean time per level.
                   A        B        C        D        E       F      G
               +--------+--------+--------+--------+--------+-----+--------+
         Total |     95 |     95 |      0 |      0 |     33 |   1 |   95.0 |
       Dungeon |     95 |     95 |      0 |      0 |     33 |   1 |   95.0 |
               +--------+--------+--------+--------+--------+-----+--------+

Top non-repeatable levels by time:
     D:1: 95 daAuts
